 Dungeon Crawl Stone Soup version coffee-0.2.0 (webtiles) character file.

Game seed: 9834040911332950098, levelgen mode: deterministic

9823 Dorkslayer the Destroyer (level 11, -11/83 (84) HPs)
             Began as a Demigod Conjurer on Oct 4, 2020.
             Killed from afar by a fire dragon (30 damage)
             ... with a blast of flame
             ... on level 10 of the Dungeon on Oct 8, 2020.
             The game lasted 00:55:50 (7937 turns).

Dorkslayer the Destroyer (Demigod Conjurer)         Turns: 7937, Time: 00:55:51

HP:   -11/83 (84)   AC:  3    Str: 11    XL:     11   Next: 7%
MP:   9/23          EV: 18    Int: 33    God:
Gold: 183           SH:  6    Dex: 19    Spells: 6/21 levels left

rFire    . . .     SeeInvis .   t - +8 quick blade "Hepoet" {flame, +Blink Int+8}
rCold    . . .     Gourm    .   g - +0 buckler
rNeg     + . .     Faith    .   a - +0 robe
rPois    +         Spirit   .   (no helmet)
rElec    .         Reflect  .   O - +2 cloak {rPois}
rCorr    .         Harm     .   B - +0 pair of gloves
MR       +....                  k - +0 pair of boots of Woleakaz {*Corrode rN+ Regen+ Dex+3} (curse)
Stlth    ++++......             (no amulet)
HPRegen  0.63/turn              p - ring of poison resistance
MPRegen  0.18/turn              R - +3 ring of protection

@: about to teleport, corroded
A: high mp 1
a: Evoke Blink


You were on level 10 of the Dungeon.
You were not hungry.

You visited 1 branch of the dungeon, and saw 10 of its levels.

You collected 508 gold pieces.
You spent 325 gold pieces at shops.

Inventory:

Hand Weapons
 t - the +8 quick blade "Hepoet" (weapon) {flame, +Blink Int+8}
   (You acquired it on level 2 of the Dungeon)

   It has been specially enchanted to burn those struck by it, causing extra
   injury to most foes and up to half again as much damage against particularly
   susceptible opponents.
   It affects your intelligence (+8).
   It lets you blink.
 L - the +9 arbalest "Hopson" {penet, rF+}
   (You found it on level 6 of the Dungeon)

   Ammo fired by it will pass through the targets it hits, potentially hitting
   all targets in its path until it reaches maximum range.
   It protects you from fire.
Missiles
 b - 24 poisoned darts (quivered)
 A - 11 boomerangs
 Q - 3 throwing nets
Armour
 a - a +0 robe (worn)
 g - a +0 buckler (worn)
 k - the cursed +0 pair of boots of Woleakaz (worn) {*Corrode rN+ Regen+ Dex+3}
   (You found it on level 1 of the Dungeon)

   It affects your dexterity (+3).
   It protects you from negative energy.
   It increases your rate of regeneration.
   It may corrode you when you take damage.
   It has a curse placed upon it.
 B - a +0 pair of gloves (worn)
 M - +0 ice dragon scales
 O - a +2 cloak of poison resistance (worn)
Jewellery
 p - a ring of poison resistance (left hand)
 D - an uncursed ring of protection from cold
 R - a +3 ring of protection (right hand)
 T - an uncursed ring of protection from fire
Wands
 e - a wand of paralysis (9)
 f - a wand of digging (5)
 H - a wand of scattershot (5)
 N - a wand of random effects (20)
Scrolls
 h - 2 scrolls of enchant weapon
 j - a scroll of fear
 m - 10 scrolls of remove curse
 n - 7 scrolls of magic mapping
 o - 3 scrolls of silence
 s - 4 scrolls of teleportation
 u - a scroll of vulnerability
 w - a scroll of summoning
 y - 2 scrolls of enchant armour
 C - a scroll of blinking
 G - 4 scrolls of amnesia
 J - 2 scrolls of fog
 S - a scroll of immolation
Potions
 d - 3 potions of haste
 i - 10 potions of curing
 l - 2 potions of mutation
 v - a potion of ambrosia
 z - 2 potions of heal wounds
 E - 2 potions of might
 I - a potion of stabbing
 K - 3 potions of brilliance
 P - a potion of magic
Comestibles
 c - 20 rations
 q - a chunk of flesh


   Skills:
 + Level 4.0(7.5) Fighting
 + Level 7.2(7.3) Short Blades
 - Level 0.9 Throwing
 * Level 1.3(6.8) Armour
 + Level 5.4(8.0) Dodging
 + Level 5.0(8.4) Stealth
 + Level 5.6(7.6) Spellcasting
 * Level 8.4(8.6) Conjurations
 + Level 1.5(7.4) Hexes
 + Level 0.2(5.5) Charms
 + Level 1.1(5.6) Translocations
 + Level 0.2(5.5) Fire Magic
 + Level 0.2(5.5) Air Magic
 + Level 1.2(5.6) Poison Magic
 * Level 6.5 Evocations


You had 6 spell levels left.
You knew the following spells:

 Your Spells              Type           Power        Failure   Level  Hunger
a - Magic Dart            Conj           ####         1%          1    None
b - Corona                Hex            ######.      1%          1    None
c - Iskenderun's Mystic   Conj/Tloc      ######..     1%          4    None
d - Mephitic Cloud        Conj/Pois/Air  ######..     1%          3    None
e - Inner Flame           Hex/Fire       ######..     1%          3    None
f - Spectral Weapon       Hex/Chrm       ######..     1%          3    None

Your spell library contained the following spells:

 Spells                   Type           Power        Failure   Level  Hunger
 Infusion                 Chrm           ####         1%          1    None
 Blink                    Tloc           N/A          1%          2    None
 Call Imp                 Summ           #####...     1%          2    None
 Searing Ray              Conj           ######       1%          2    None
 Shroud of Golubria       Chrm/Tloc      #####.       1%          2    None
 Slow                     Hex            ######..     1%          2    None
 Song of Slaying          Chrm           #####...     1%          2    None
 Confusing Touch          Hex            ######..     1%          3    None
 Conjure Flame            Conj/Fire      ######..     1%          3    None
 Dazzling Flash           Conj/Hex       ######       1%          3    None
 Gell's Gravitas          Tloc           #####.....   1%          3    None
 Ozocubu's Armour         Chrm/Ice       #####...     1%          3    None
 Portal Projectile        Hex/Tloc       ######       1%          3    None
 Cause Fear               Hex            ######....   1%          4    None
 Fulminant Prism          Conj/Hex       ######....   1%          4    None
 Leda's Liquefaction      Hex/Erth       ######....   2%          4    None
 Petrify                  Tmut/Erth      #####...     3%          4    None
 Metabolic Englaciation   Hex/Ice        ######....   7%          5    ####...
 Yara's Violent Unravell  Hex/Tmut       ######....   7%          5    ####...


Dungeon Overview and Level Annotations

Branches:
Dungeon (10/10)            Temple (0/1) D:2
    Zot: D:10

Shops:
D:3 !   D:5 *   D:7 (


Innate Abilities, Weirdness & Mutations

You have an increased reservoir of magic. (+10% MP)


Message History

You erupt in a blast of force!
The mystic blast misses the fire dragon.
The fire dragon closely misses you. The fire dragon tramples you!
You stumble backwards!
Casting: Iskenderun's Mystic Blast (safe; 1% risk of failure)
Confirm with . or Enter, or press ? or * to list all spells.
You draw out your weapon's spirit!
You block the fire dragon's attack. The fire dragon tramples you!
You hold your ground!
You hit the fire dragon.
The fire dragon is moderately wounded.
The fire dragon bites you! The fire dragon tramples you!
* * * LOW HITPOINT WARNING * * *
Your corrosive artefact corrodes you!
You hold your ground!
Okay, then.
Okay, then.
As you read the scroll of teleportation, it crumbles to dust.
You feel strangely unstable. The fire dragon breathes flames at you.
The blast of flame hits you!!
You die...

##.........≈.......#
*
#..............####
* ###..............#
* #................#
* #....##........###
* #.(..##........# *
#######....#####
###....# #.@(...#**
#.#D##...#**
#.#.)###...#** **
#.##.(.*##..,*****,
#..*#((..**#,,,,,,,
##..*#.(...********
*#..*#.(..,,,,,,,,
*#..*....,,,,,,,,
*#.#*...,,,,⌠,,,


You could see a fire dragon and a friendly spectral +8 quick blade "Hepoet"
{flame, +Blink Int+8}.

Vanquished Creatures
  A two-headed ogre (D:9)
  The ghost of Dorkslayer the Spear-Bearer, a novice DgCj (D:8)
  A draconian scorcher (D:10)
  A gargoyle (D:8)
  A white draconian (D:10)
  A yellow draconian (D:10)
  A troll (D:9)
  A hornet (D:9)
  Prince Ribbit (D:7)
  A slime creature (D:8)
  2 hippogriffs (D:8)
  A vampire (D:10)
  Grum (D:9)
  2 wyverns (D:8)
  A human (D:7)
  A yak (D:7)
  3 hogs (D:7)
  A vampire mosquito (D:8)
  A soldier ant (D:10)
  Duvessa (D:5)
  A water moccasin (D:8)
  3 ice beasts
  2 orc warriors (D:7)
  2 sky beasts (D:8)
  A black bear (D:10)
  2 necrophages
  A phantom (D:7)
  3 wolves (D:9)
  3 ogres
  4 centaurs
  A big kobold (D:10)
  A gnoll sergeant (D:9)
  8 bullfrogs
  A wyvern zombie (D:8)
  A water moccasin skeleton (D:6)
  Dowan (D:5)
  7 scorpions
  3 killer bees (D:8)
  12 wights
  5 crimson imps
  A centaur zombie (D:7)
  A bullfrog zombie (D:7)
  2 jellies (D:6)
  Crazy Yiuf (D:6)
  A centaur skeleton (D:5)
  3 orc priests
  2 hounds
  An iron imp (D:7)
  A bullfrog skeleton (D:4)
  Terence (D:2)
  4 iguanas
  5 orc wizards
  6 worker ants
  A hound skeleton (D:6)
  Robin (D:2)
  7 gnolls
  A howler monkey skeleton (D:6)
  8 adders
  2 shadow imps
  An ooze (D:1)
  2 worms
  3 dart slugs
  2 leopard geckos
  31 orcs
  2 giant cockroaches (D:2)
  18 goblins
  9 hobgoblins
  6 jackals
  2 quokkas (D:3)
  6 bats
  3 frilled lizards
  26 kobolds
  5 rats
251 creatures vanquished.

Vanquished Creatures (others)
  2 spectral weapons
2 creatures vanquished.

Grand Total: 253 creatures vanquished

Notes
Turn   | Place    | Note
-------+----------+-------------------------------------------
     0 | D:1      | Dorkslayer the Demigod Conjurer began the quest for the
                  | Orb.
     0 | D:1      | Reached XP level 1. HP: 14/14 MP: 5/5
   189 | D:1      | Got the cursed +0 pair of boots of Woleakaz {*Corrode rN+
                  | Regen+ Dex+3}
   322 | D:1      | Reached XP level 2. HP: 15/20 MP: 1/7
   374 | D:1      | You fall into a shaft and drop 1 floor!
   838 | D:2      | Reached skill level 4 in Conjurations
   840 | D:2      | Reached XP level 3. HP: 26/26 MP: 3/8
   948 | D:2      | Noticed Terence
   965 | D:2      | Killed Terence
  1037 | D:2      | Found a staircase to the Ecumenical Temple.
  1189 | D:2      | Reached XP level 4. HP: 24/33 MP: 7/10
  1234 | D:2      | Noticed Robin
  1260 | D:2      | Killed Robin
  1317 | D:2      | Found a shattered altar of Ashenzari.
  1320 | D:2      | Identified the +8 quick blade "Hepoet" {flame, +Blink
                  | Int+8} (You acquired it on level 2 of the Dungeon)
  1821 | D:3      | Reached XP level 5. HP: 38/38 MP: 6/11
  1913 | D:3      | Found a sparkling altar of Nemelex Xobeh.
  1950 | D:3      | Found Xysiklin's Distillery.
  1992 | D:3      | Bought a potion of heal wounds for 65 gold pieces
  2142 | D:3      | Found a faded altar of an unknown god.
  2324 | D:3      | Found a glowing golden altar of the Shining One.
  2456 | D:3      | Bought a potion of might for 52 gold pieces
  2517 | D:4      | Found a glowing silver altar of Zin.
  2531 | D:4      | Reached skill level 1 in Short Blades
  2531 | D:4      | Reached skill level 1 in Evocations
  2576 | D:4      | Reached skill level 5 in Conjurations
  2580 | D:4      | Reached XP level 6. HP: 40/46 MP: 9/13
  3095 | D:4      | Found a burning altar of Makhleb.
  3102 | D:4      | Reached skill level 1 in Fighting
  3135 | D:5      | Entered Level 5 of the Dungeon
  3140 | D:5      | Reached XP level 7. HP: 52/52 MP: 14/14
  3206 | D:5      | Found Hebi's Elemental Accessories.
  3701 | D:5      | Noticed Duvessa
  3701 | D:5      | Noticed Dowan
  3720 | D:5      | Killed Dowan
  3726 | D:5      | Killed Duvessa
  3726 | D:5      | Reached XP level 8. HP: 27/61 MP: 16/16
  3988 | D:6      | Got the +9 arbalest "Hopson" {penet, rF+}
  4010 | D:6      | Learned a level 1 spell: Corona
  4074 | D:6      | Reached skill level 6 in Conjurations
  4318 | D:6      | Reached skill level 5 in Short Blades
  4330 | D:6      | Learned a level 4 spell: Iskenderun's Mystic Blast
  4334 | D:6      | Learned a level 3 spell: Mephitic Cloud
  4380 | D:6      | Found a runed translucent door.
  4381 | D:6      | Noticed Crazy Yiuf
  4391 | D:6      | Killed Crazy Yiuf
  4956 | D:7      | Found a snail-covered altar of Cheibriados.
  5009 | D:7      | Reached XP level 9. HP: 68/68 MP: 5/18
  5104 | D:7      | Noticed Prince Ribbit
  5114 | D:7      | Killed Prince Ribbit
  5289 | D:7      | Found Puija's Antique Weapon Shoppe.
  5381 | D:7      | Found an opulent altar of Gozag.
  5389 | D:7      | Reached skill level 7 in Conjurations
  5761 | D:8      | Noticed Dorkslayer's ghost (novice DgCj)
  5780 | D:8      | Found a runed translucent gate.
  5780 | D:8      | Found a runed translucent gate.
  5782 | D:8      | Found a runed translucent gate.
  5899 | D:8      | Reached skill level 5 in Evocations
  5916 | D:8      | Noticed a gargoyle
  5942 | D:8      | Killed a gargoyle
  5942 | D:8      | Reached XP level 10. HP: 32/77 MP: 15/21
  6119 | D:8      | Reached skill level 5 in Spellcasting
  6201 | D:8      | Reached skill level 1 in Translocations
  6296 | D:8      | Learned a level 3 spell: Inner Flame
  6300 | D:8      | Learned a level 3 spell: Spectral Weapon
  6310 | D:8      | Killed Dorkslayer's ghost
  6542 | D:9      | Reached skill level 5 in Dodging
  6552 | D:9      | Paralysed by a hornet for 3 turns
  6595 | D:9      | Found a blossoming altar of Fedhas.
  6738 | D:9      | Noticed Grum
  6761 | D:9      | Killed Grum
  6761 | D:9      | Reached skill level 8 in Conjurations
  6765 | D:9      | Reached skill level 1 in Hexes
  6817 | D:9      | Noticed a two-headed ogre
  6833 | D:9      | Killed a two-headed ogre
  7090 | D:9      | Found a stormy altar of Qazlal.
  7091 | D:9      | Found a hide-covered altar of Uskayaw.
  7148 | D:9      | Reached skill level 1 in Armour
  7353 | D:10     | Entered Level 10 of the Dungeon
  7501 | D:3      | Bought 2 potions of curing for 78 gold pieces
  7501 | D:3      | Bought a potion of haste for 130 gold pieces
  7879 | D:10     | Noticed a green draconian scorcher
  7883 | D:10     | Killed a green draconian scorcher
  7887 | D:10     | Reached XP level 11. HP: 83/83 MP: 19/23
  7911 | D:10     | Reached skill level 1 in Poison Magic
  7929 | D:10     | Reached skill level 5 in Stealth
  7937 | D:10     | Killed from afar by a fire dragon

Levels and vault maps discovered:
D:1:      scummos_arrival_simple_fountains, layout_loops_ring
D:2:      layout_basic, nicolae_ashenzari_panopticon, minmay_temple_entry_grid,
          uniq_terence, uniq_robin
D:3:      layout_basic, nemelex_xobeh_ov_fountains_minmay,
          nicolae_tso_carved_into_rock, chequers_ecumenical_altar_simple_redux,
          serial_shops, shop
D:4:      layout_loops_ring, makhleb_grotto_becter, lemuel_doored_altar,
          first_ration, hangedman_feature_mirror
D:5:      layout_basic, st_stairs_3, minivault_4, nicolae_elemental_shop,
          uniq_duvessa
D:6:      layout_basic, uniq_crazy_yiuf_cottage
D:7:      layout_loops_cross, lemuel_crystal_altar, slow_altar_1, serial_shops,
          shop_statue, grunt_livestock, uniq_prince_ribbit1
D:8:      layout_loops_ring, gammafunk_ghost_split
D:9:      layout_irregular_city, gammafunk_temple_overflow_statue,
          fedhas_altar_4, uniq_grum
D:10:     grunt_zot_entry_bicorn, layout_basic, uniq_urug, uniq_psyche

Skill      XL: |  1  2  3  4  5  6  7  8  9 10 11 |
---------------+----------------------------------+-----
Dodging        | 2 3 4 5 |  5.4
Spellcasting   | 2 3 4 5 |  5.6
Conjurations   | 4 5 6 7 8 |  8.4
Stealth        | 2 3 4 5 |  5.0
Short Blades   | 1 2 3 5 6 7 |  7.2
Evocations     | 1 2 3 4 5 6 |  6.5
Fighting       | 1 2 3 4 |  4.0
Translocations | 1 |  1.1
Hexes          | 1 |  1.5
Armour         | 1 |  1.3
Poison Magic   | 1 |  1.2
Throwing       | |  0.9
Charms         | |  0.2
Fire Magic     | |  0.2
Air Magic      | |  0.2

Action                   |  1- 3 |  4- 6 |  7- 9 | 10-12 || total
-------------------------+-------+-------+-------+-------++-------
Melee: Short sword       |    38 |       |       |       ||    38
       Dagger            |    26 |    24 |       |       ||    50
       Quick blade       |       |    74 |   251 |   123 ||   448
       Punch             |       |       |     2 |     1 ||     3
Throw: Dart              |    38 |    40 |    46 |    44 ||   168
 Cast: Magic Dart        |    44 |    51 |    81 |    14 ||   190
       Iskenderun's Myst |       |       |     6 |     6 ||    12
       Mephitic Cloud    |       |       |     2 |     9 ||    11
       Corona            |       |       |     2 |     5 ||     7
       Spectral Weapon   |       |       |       |     6 ||     6
       Inner Flame       |       |       |       |     5 ||     5
Evoke: Wand              |       |       |    23 |    11 ||    34
  Use: Potion            |     1 |       |       |       ||     1
       Scroll            |       |     1 |       |     3 ||     4
 Stab: Sleeping          |       |     1 |     3 |     3 ||     7
       Confused          |       |       |     2 |     4 ||     6
       Distracted        |       |       |     1 |       ||     1
  Eat: Chunk             |     1 |     6 |     9 |     3 ||    19
       Ration            |       |       |       |     1 ||     1
Armor: Robe              |    16 |    12 |    19 |    14 ||    61
Dodge: Dodged            |    71 |    46 |    85 |    53 ||   255
Block: Buckler           |       |       |       |     4 ||     4
